| TOP OF THE 1ST |
|
Oklahoma City Dodgers batting - Pitching for Louisville Bats : RHP Matt Flink
|
|
Pitching: RHP Matt Flink
|
|
|
Batting: RHB Justin Anastasio
|
0-0: Called Strike 0-1: SOLO HOME RUN (Flyball, 7D, EV 95.0 MPH), Distance : 377 ft
|
|
Batting: LHB Alex Ramos
|
0-0: Called Strike 0-1: Ball 1-1: Ball 2-1: Called Strike 2-2: Strikes out swinging
|
|
Batting: LHB James Betron
|
0-0: Ground out 4-3 (Groundball, 4, EV 101.3 MPH)
|
|
Batting: RHB John Manocchio
|
0-0: Ball 1-0: Swinging Strike 1-1: Swinging Strike 1-2: Strikes out looking
|
| Top of the 1st over - 1 run, 1 hit, 0 errors, 0 left on base; Oklahoma City 1 - Louisville 0 |
| BOTTOM OF THE 1ST |
|
Louisville Bats batting - Pitching for Oklahoma City Dodgers : LHP Joel Beery
|
|
Pitching: LHP Joel Beery
|
|
|
Batting: RHB Willie Lazcano
|
0-0: Called Strike 0-1: Called Strike 0-2: Strikes out swinging
|
|
Batting: RHB Danny Real
|
0-0: Ball 1-0: Called Strike 1-1: Ball 2-1: Swinging Strike 2-2: Ball 3-2: Base on Balls
|
|
Batting: LHB Randy Racine
|
0-0: Ball 1-0: Ball Danny Real is caught stealing 2nd base 2-6 2-0: Called Strike 2-1: Called Strike 2-2: Fly out, F8 (Flyball, 8RS, EV 94.4 MPH)
|
| Bottom of the 1st over - 0 runs, 0 hits, 0 errors, 0 left on base; Oklahoma City 1 - Louisville 0 |
| TOP OF THE 2ND |
|
Oklahoma City Dodgers batting - Pitching for Louisville Bats : RHP Matt Flink
|
|
Batting: RHB Armando Galindo
|
0-0: Ground out 6-3 (Groundball, 6, EV 100.0 MPH)
|
|
Batting: RHB John Hazen
|
0-0: Ball 1-0: Ball 2-0: Ground out 6-3 (Groundball, 6, EV 98.1 MPH)
|
|
Batting: RHB Tim Adams
|
0-0: Swinging Strike 0-1: Fly out, F7 (Line Drive, 78M, EV 90.6 MPH)
|
| Top of the 2nd over - 0 runs, 0 hits, 0 errors, 0 left on base; Oklahoma City 1 - Louisville 0 |
| BOTTOM OF THE 2ND |
|
Louisville Bats batting - Pitching for Oklahoma City Dodgers : LHP Joel Beery
|
|
Batting: SHB Freddie Farrar
|
0-0: Called Strike 0-1: Ground out 5-3 (Groundball, 56, EV 101.9 MPH)
|
|
Batting: SHB Tim Utz
|
0-0: Ball 1-0: Ground out 5-3 (Groundball, 56, EV 78.8 MPH)
|
|
Batting: SHB Paul Sandoval
|
0-0: Ball 1-0: Swinging Strike 1-1: Ball 2-1: Ground out 6-3 (Groundball, 6M, EV 91.9 MPH)
|
| Bottom of the 2nd over - 0 runs, 0 hits, 0 errors, 0 left on base; Oklahoma City 1 - Louisville 0 |
| TOP OF THE 3RD |
|
Oklahoma City Dodgers batting - Pitching for Louisville Bats : RHP Matt Flink
|
|
Batting: RHB Terry Jarrells
|
0-0: Called Strike 0-1: Foul Ball, location: 2F 0-2: SOLO HOME RUN (Flyball, 7D, EV 97.5 MPH), Distance : 367 ft
|
|
Batting: RHB Matt Robert
|
0-0: Ball 1-0: Foul Ball, location: 2F 1-1: Foul Ball, location: 2F 1-2: Ball 2-2: Strikes out swinging
|
|
Batting: RHB Justin Anastasio
|
0-0: Ground out 6-3 (Groundball, 6, EV 110.0 MPH)
|
|
Batting: LHB Alex Ramos
|
0-0: Foul Ball, location: 2F 0-1: Ball 1-1: Swinging Strike 1-2: Foul Ball, location: 2F 1-2: Foul Ball, location: 2F 1-2: Ground out 4-3 (Groundball, 4, EV 85.0 MPH)
|
| Top of the 3rd over - 1 run, 1 hit, 0 errors, 0 left on base; Oklahoma City 2 - Louisville 0 |
| BOTTOM OF THE 3RD |
|
Louisville Bats batting - Pitching for Oklahoma City Dodgers : LHP Joel Beery
|
|
Pitching: RHP Josh Thorne
|
|
|
Batting: RHB Estanislau Gosendes
|
0-0: Called Strike 0-1: Ball 1-1: SOLO HOME RUN (Flyball, 8LXD, EV 106.9 MPH), Distance : 420 ft
|
|
Batting: RHB Gerald de Vries
|
0-0: Ball 1-0: Fly out, F4 (Popup, 4S, EV 85.0 MPH)
|
|
Batting: RHB Yasusaburo Kuwahara
|
0-0: Foul Ball, location: 2F 0-1: Ground out 1-3 (Groundball, 13S, EV 64.4 MPH)
|
|
Batting: RHB Willie Lazcano
|
0-0: Foul Ball, location: 2F 0-1: Swinging Strike 0-2: Ball 1-2: Ball 2-2: Ground out 4-3 (Groundball, 4, EV 101.3 MPH)
|
| Bottom of the 3rd over - 1 run, 1 hit, 0 errors, 0 left on base; Oklahoma City 2 - Louisville 1 |
| TOP OF THE 4TH |
|
Oklahoma City Dodgers batting - Pitching for Louisville Bats : RHP Matt Flink
|
|
Batting: LHB James Betron
|
0-0: Ground out U3 (Groundball, 34, EV 85.0 MPH)
|
|
Batting: RHB John Manocchio
|
0-0: Ball 1-0: Ball 2-0: Called Strike 2-1: Swinging Strike 2-2: Ground out 6-3 (Groundball, 6, EV 83.8 MPH)
|
|
Batting: RHB Armando Galindo
|
0-0: Called Strike 0-1: Ball 1-1: Ground out 4-3 (Groundball, 4, EV 106.3 MPH)
|
| Top of the 4th over - 0 runs, 0 hits, 0 errors, 0 left on base; Oklahoma City 2 - Louisville 1 |
| BOTTOM OF THE 4TH |
|
Louisville Bats batting - Pitching for Oklahoma City Dodgers : RHP Josh Thorne
|
|
Batting: RHB Danny Real
|
0-0: Called Strike 0-1: Ball 1-1: Ball 2-1: SINGLE (Line Drive, 9S, EV 113.1 MPH)
|
|
Batting: LHB Randy Racine
|
0-0: Called Strike 0-1: Ball 1-1: Foul Ball, location: 2F 1-2: Ball 2-2: Ball 3-2: SINGLE (Groundball, 34S, EV 71.9 MPH) (infield hit) Danny Real to second
|
|
Batting: SHB Freddie Farrar
|
0-0: Called Strike 0-1: Ball 1-1: Ball 2-1: Ball Wild Pitch! Danny Real to third Randy Racine to second 3-1: SINGLE (Groundball, 56D, EV 99.4 MPH) Danny Real scores Randy Racine to third Runner from 3rd tries for Home, SAFE, throw by LF to home
|
|
Batting: SHB Tim Utz
|
0-0: Ball 1-0: Ball 2-0: Fly out, F5 (Flyball, 56D, EV 86.3 MPH)
|
|
Batting: SHB Paul Sandoval
|
0-0: Swinging Strike 0-1: Ball 1-1: Ball 2-1: Foul Ball, location: 2F 2-2: Ball 3-2: Fly out, F8 (Flyball, 8RXD, EV 94.4 MPH)
|
|
Batting: RHB Estanislau Gosendes
|
0-0: Fly out, F7 (Flyball, 78XD, EV 91.3 MPH)
|
| Bottom of the 4th over - 2 runs, 3 hits, 0 errors, 1 left on base; Oklahoma City 2 - Louisville 3 |
| TOP OF THE 5TH |
|
Oklahoma City Dodgers batting - Pitching for Louisville Bats : RHP Matt Flink
|
|
Batting: RHB John Hazen
|
0-0: Called Strike 0-1: Ground out 5-3 (Groundball, 56S, EV 86.9 MPH)
|
|
Batting: RHB Tim Adams
|
0-0: Ball 1-0: Ball 2-0: Foul Ball, location: 2F 2-1: Ground out 3-1 (Groundball, 34S, EV 87.5 MPH)
|
|
Batting: RHB Terry Jarrells
|
0-0: Ball 1-0: Ball 2-0: Ball 3-0: Called Strike 3-1: Foul Ball, location: 2F 3-2: Strikes out swinging
|
| Top of the 5th over - 0 runs, 0 hits, 0 errors, 0 left on base; Oklahoma City 2 - Louisville 3 |
| BOTTOM OF THE 5TH |
|
Louisville Bats batting - Pitching for Oklahoma City Dodgers : RHP Josh Thorne
|
|
Pitching: RHP Alex Aguilar
|
|
|
Batting: RHB Gerald de Vries
|
0-0: Called Strike 0-1: Foul Ball, location: 2F 0-2: Ball 1-2: DOUBLE (Groundball, 5L, EV 102.5 MPH)
|
|
Batting: RHB Yasusaburo Kuwahara
|
0-0: Ball 1-0: Ball 2-0: Ball 3-0: Called Strike 3-1: Foul Ball, location: 2F 3-2: Strikes out swinging
|
|
Batting: RHB Willie Lazcano
|
0-0: Ball 1-0: Ball 2-0: Fly out, F9 (Flyball, 9LM, EV 93.1 MPH) Runner from 2nd tags up, SAFE at 3rd with throw by RF
|
|
Batting: RHB Danny Real
|
0-0: Ball 1-0: Ground out 5-3 (Groundball, 5S, EV 81.9 MPH)
|
| Bottom of the 5th over - 0 runs, 1 hit, 0 errors, 1 left on base; Oklahoma City 2 - Louisville 3 |
| TOP OF THE 6TH |
|
Oklahoma City Dodgers batting - Pitching for Louisville Bats : RHP Matt Flink
|
|
Batting: RHB Matt Robert
|
0-0: Fly out, F7 (Flyball, 78D, EV 99.4 MPH)
|
|
Batting: RHB Justin Anastasio
|
0-0: Called Strike 0-1: Foul Ball, location: 2F 0-2: Ground out 5-3 (Groundball, 56, EV 85.6 MPH)
|
|
Batting: LHB Alex Ramos
|
0-0: Swinging Strike 0-1: Ball 1-1: Called Strike 1-2: Ground out 4-3 (Groundball, 4S, EV 91.3 MPH)
|
| Top of the 6th over - 0 runs, 0 hits, 0 errors, 0 left on base; Oklahoma City 2 - Louisville 3 |
| BOTTOM OF THE 6TH |
|
Louisville Bats batting - Pitching for Oklahoma City Dodgers : RHP Alex Aguilar
|
|
Batting: LHB Randy Racine
|
0-0: Ball 1-0: Ball 2-0: DOUBLE (Flyball, 8RXD, EV 98.1 MPH)
|
|
Batting: SHB Freddie Farrar
|
0-0: Foul Ball, location: 2F 0-1: Ball 1-1: Ball 2-1: Ball 3-1: Foul Ball, location: 2F 3-2: Foul Ball, location: 2F 3-2: Strikes out swinging
|
|
Batting: SHB Tim Utz
|
0-0: Ball 1-0: Ball 2-0: Foul Ball, location: 2F 2-1: Fly out, F8 (Flyball, 8LXD, EV 104.4 MPH) Runner from 2nd tags up, SAFE at 3rd, no throw by CF
|
|
Batting: SHB Paul Sandoval
|
0-0: Swinging Strike 0-1: Ball 1-1: Foul Ball, location: 2F 1-2: SINGLE (Groundball, 25, EV 71.9 MPH) (infield hit) Randy Racine scores
|
|
Batting: RHB Estanislau Gosendes
|
0-0: Called Strike 0-1: Ball 1-1: Fielders Choice at 2nd, 5-4 (Groundball, 5, EV 78.8 MPH)
|
| Bottom of the 6th over - 1 run, 2 hits, 0 errors, 1 left on base; Oklahoma City 2 - Louisville 4 |
| TOP OF THE 7TH |
|
Oklahoma City Dodgers batting - Pitching for Louisville Bats : RHP Matt Flink
|
|
Batting: LHB James Betron
|
0-0: Foul Ball, location: 2F 0-1: Ball 1-1: Ball 2-1: Swinging Strike 2-2: Ground out 4-3 (Groundball, 4, EV 80.0 MPH)
|
|
Batting: RHB John Manocchio
|
0-0: Ball 1-0: Called Strike 1-1: Ball 2-1: Foul Ball, location: 2F 2-2: Ball 3-2: Strikes out swinging
|
|
Batting: RHB Armando Galindo
|
0-0: Foul Ball, location: 2F 0-1: Called Strike 0-2: Ball 1-2: Fly out, F4 (Popup, 4M, EV 56.3 MPH)
|
| Top of the 7th over - 0 runs, 0 hits, 0 errors, 0 left on base; Oklahoma City 2 - Louisville 4 |
| BOTTOM OF THE 7TH |
|
Louisville Bats batting - Pitching for Oklahoma City Dodgers : RHP Alex Aguilar
|
|
Pitching: RHP Ludo Argo
|
|
|
Batting: RHB Gerald de Vries
|
0-0: Ball 1-0: Foul Ball, location: 2F 1-1: Swinging Strike 1-2: Strikes out looking
|
|
Batting: RHB Yasusaburo Kuwahara
|
0-0: Foul Ball, location: 2F 0-1: Ball 1-1: SINGLE (Groundball, 6M, EV 106.9 MPH) (infield hit)
|
|
Batting: RHB Willie Lazcano
|
0-0: Ball 1-0: Foul Ball, location: 2F 1-1: Called Strike 1-2: Strikes out swinging
|
|
Batting: RHB Danny Real
|
0-0: Called Strike 0-1: Ball 1-1: Ball 2-1: Foul Ball, location: 2F 2-2: SINGLE (Groundball, 56D, EV 98.1 MPH) Yasusaburo Kuwahara to second
|
|
Batting: LHB Randy Racine
|
0-0: Called Strike 0-1: Swinging Strike 0-2: Strikes out swinging
|
| Bottom of the 7th over - 0 runs, 2 hits, 0 errors, 2 left on base; Oklahoma City 2 - Louisville 4 |
| TOP OF THE 8TH |
|
Oklahoma City Dodgers batting - Pitching for Louisville Bats : RHP Matt Flink
|
|
Batting: RHB John Hazen
|
0-0: Ball 1-0: SINGLE (Line Drive, 7S, EV 89.4 MPH)
|
|
Batting: RHB Tim Adams
|
0-0: Fielders Choice at 2nd, 5-4 (Groundball, 56S, EV 85.0 MPH)
|
|
Batting: RHB Terry Jarrells
|
0-0: Swinging Strike 0-1: Ball 1-1: Foul Ball, location: 2F 1-2: Fly out, F8 (Flyball, 8LS, EV 83.8 MPH)
|
|
Batting: RHB Matt Robert
|
0-0: Called Strike 0-1: Ball 1-1: Ball 2-1: Called Strike 2-2: Strikes out looking
|
| Top of the 8th over - 0 runs, 1 hit, 0 errors, 1 left on base; Oklahoma City 2 - Louisville 4 |
| BOTTOM OF THE 8TH |
|
Louisville Bats batting - Pitching for Oklahoma City Dodgers : RHP Ludo Argo
|
|
Batting: SHB Freddie Farrar
|
0-0: Ball 1-0: Foul Ball, location: 2F 1-1: Foul Ball, location: 2F 1-2: Foul Ball, location: 2F 1-2: Fly out, F8 (Line Drive, 8RD, EV 83.8 MPH)
|
|
Batting: SHB Tim Utz
|
0-0: Called Strike 0-1: Ball 1-1: Swinging Strike 1-2: Foul Ball, location: 2F 1-2: SINGLE (Groundball, 4MD, EV 97.5 MPH)
|
|
Batting: SHB Paul Sandoval
|
0-0: Foul Ball, location: 2F 0-1: Swinging Strike 0-2: Grounds out, U3 (Groundball, 3L, EV 85.6 MPH)
|
|
Batting: RHB Estanislau Gosendes
|
0-0: Ball 1-0: Ball 2-0: Ball 3-0: Base on Balls
|
|
Batting: RHB Gerald de Vries
|
0-0: Ball 1-0: Ball 2-0: Foul Ball, location: 2F 2-1: Ball 3-1: Called Strike 3-2: Base on Balls Tim Utz to third Estanislau Gosendes to second
|
|
Batting: RHB Yasusaburo Kuwahara
|
0-0: Fly out, F8 (Flyball, 8RXD, EV 92.5 MPH)
|
| Bottom of the 8th over - 0 runs, 1 hit, 0 errors, 3 left on base; Oklahoma City 2 - Louisville 4 |
| TOP OF THE 9TH |
|
Oklahoma City Dodgers batting - Pitching for Louisville Bats : RHP Matt Flink
|
|
Pitching: LHP Matt Walton
|
|
|
Now at 2B: Yasusaburo Kuwahara
|
|
|
Now at SS: Casey Truax
|
|
|
Batting: RHB Justin Anastasio
|
0-0: Swinging Strike 0-1: Foul Ball, location: 2F 0-2: Strikes out swinging
|
|
Batting: LHB Alex Ramos
|
0-0: Ball 1-0: Ball 2-0: Called Strike 2-1: SINGLE (Line Drive, 8LS, EV 93.1 MPH)
|
|
Pinch Hitting: RHB Dusty Pollert
|
0-0: Ball Wild Pitch! Alex Ramos to second 1-0: Foul Ball, location: 2F 1-1: Fly out, F6 (Flyball, 56D, EV 85.6 MPH)
|
|
Batting: RHB John Manocchio
|
0-0: Called Strike 0-1: Called Strike 0-2: Ball 1-2: Strikes out swinging
|
| Top of the 9th over - 0 runs, 1 hit, 0 errors, 1 left on base; Oklahoma City 2 - Louisville 4 |
|